 Dungeon Crawl Stone Soup version 0.31.0-12-g77e489cdc1 (webtiles) character file.

Game seed: 15887822733750778383

12252 12345 the Carver (level 11, -3/71 HPs)
             Began as a Tengu Summoner on Mar 3, 2024.
             Was a Believer of Wu Jian.
             Slain by an elephant (6 damage)
             ... while petrified by a basilisk
             ... on level 1 of the Lair of Beasts on Mar 4, 2024.
             The game lasted 00:56:19 (12750 turns).

12345 the Carver (Tengu Summoner)                  Turns: 12750, Time: 00:56:19

Health: -3/71      AC:  7    Str:  8    XL:     11   Next: 90%
Magic:  2/21       EV:  2    Int: 22    God:    Wu Jian [**....]
Gold:   1062       SH:  0    Dex: 19    Spells: 9/23 levels left

rFire   . . .        a - +5 scimitar (freeze)
rCold   . . .        (no shield)
rNeg    + + +        K - +2 robe {Will+}
rPois   ∞            (helmet restricted)
rElec   .            H - +0 cloak
rCorr   .            I - +1 pair of gloves
SInv    +            (boots unavailable)
Will    +....        (no amulet)
Stlth   ++           A - ring of see invisible
HPRegen 0.31/turn    s - +6 ring of intelligence
MPRegen 0.17/turn

%: acrobat
@: petrified, unable to call your familiar, flying
A: beak, talons 3, evasive flight, acrobatic
a: Renounce Religion, Wall Jump


You were on level 1 of the Lair of Beasts.
You worshipped Wu Jian.
Wu Jian was pleased with you.
You visited 3 branches of the dungeon, and saw 13 of its levels.
You also visited: Sewer.

You collected 1083 gold pieces.
You spent 21 gold pieces at shops.

Inventory:

Hand Weapons
 a - a +5 scimitar of freezing (weapon)
 b - a +1 dagger of venom
 M - a +2 dagger of electrocution
Missiles
 i - 47 poisoned darts (quivered)
 m - 5 throwing nets
Armour
 u - a +0 troll leather armour {Pargi}
 x - a +1 leather armour of cold resistance
 H - a +0 cloak (worn)
 I - a +1 pair of gloves (worn)
 J - +0 steam dragon scales
 K - a +2 robe of willpower (worn)
 N - +0 swamp dragon scales
Jewellery
 c - a ring of protection from cold
 g - a ring of resist corrosion
 s - a +6 ring of intelligence (right hand)
 A - a ring of see invisible (left hand)
 O - a ring of fire
 P - a ring of ice
Wands
 D - a wand of iceblast (25)
 E - a wand of acid (12)
 L - a wand of mindburst (7)
 Q - a wand of digging (5)
Scrolls
 e - a scroll of torment {unknown}
 j - 6 scrolls of teleportation
 k - 2 scrolls of fog
 l - a scroll of silence
 o - a scroll of vulnerability
 t - a scroll of poison {unknown}
 w - 2 scrolls of blinking {unknown}
 y - a scroll of revelation {unknown}
 z - a scroll of fear {unknown}
 B - 2 scrolls of noise {unknown}
 C - a scroll of immolation {unknown}
Potions
 d - a potion of magic
 f - 3 potions of heal wounds
 h - 5 potions of haste
 n - a potion of attraction {unknown}
 p - 7 potions of curing
 q - 6 potions of invisibility
 r - 4 potions of cancellation
 v - a potion of might
 F - 2 potions of enlightenment
 G - 2 potions of brilliance


   Skills:
 * Level 9.6 Fighting
 * Level 10.4 Long Blades
 + Level 7.8 Dodging
 - Level 2.0 Stealth
 + Level 6.6 Spellcasting
 + Level 9.4 Summonings
 + Level 3.8 Fire Magic
 - Level 5.0 Air Magic


You had 9 spell levels left.
You knew the following spells:

 Your Spells              Type           Power      Damage    Failure   Level
a - Summon Small Mammal   Summ           100%       N/A       1%          1
b - Call Imp              Summ           96%        N/A       1%          2
c - Call Canine Familiar  Summ           48%        N/A       1%          3
d - Summon Lightning Spi  Summ/Air       39%        N/A       4%          4
e - Summon Blazeheart Go  Fire/Summ      36%        N/A       5%          4

Your spell library contained the following spells:

 Spells                   Type           Power      Damage    Failure   Level
 Mercury Vapours          Alch/Air       36%        N/A       4%          2
 Apportation              Tloc           14%        N/A       9%          1
 Necrotise                Necr           28%        1d5       9%          1
 Sting                    Conj/Alch      28%        1d4       9%          1
 Sublimation of Blood     Necr           7%         N/A       13%         2
 Mephitic Cloud           Conj/Alch/Air  14%        N/A       13%         3
 Dazzling Flash           Conj/Hex       14%        N/A       26%         3
 Olgreb's Toxic Radiance  Alch           7%         N/A       65%         4
 Silence                  Hex/Air        9%         N/A       65%         5
 Summon Hydra             Summ           24%        N/A       83%         7
 Curse of Agony           Necr           7%         N/A       94%         5
 Ozocubu's Refrigeration  Ice            3%         4d8       100%        7
 Discord                  Hex            3%         N/A       100%        8


Dungeon Overview and Level Annotations

Branches:
Dungeon (11/15)            Temple (1/1) D:7            Lair (1/5) D:11
  Sewer (visited)
    Orc: D:9-12

Altars:
Ashenzari
Cheibriados
Dithmenos
Elyvilon
Fedhas
Gozag
Hepliaklqana
Kikubaaqudgha
Makhleb
Nemelex Xobeh
Okawaru
Qazlal
Ru
Sif Muna
Trog
Uskayaw
Vehumet
Wu Jian
Xom
Yredelemnul
Zin
The Shining One

Shops:
D:2 *   D:3 (

Annotations:
D:10 exclusion: orange crystal statue


Innate Abilities, Weirdness & Mutations

You have a beak for a mouth.
You have claws for feet.
Your magical flight helps you evade attacks. (EV +4)
You can magically evade attacks while moving or waiting.


Message History

A tiny devil pulls itself out of the air.
Your quokka closely misses the basilisk.
The elephant closely misses you.
The elephant trunk-slaps you but does no damage.
The basilisk bites you!
Your quokka barely misses the basilisk.
Your limbs are stiffening.
Unknown command.
Unknown command.
Unknown command.
You swap places.
Your quokka barely misses the basilisk.
The elephant tramples your cerulean imp!
Your cerulean imp holds its ground!
The elephant closely misses your cerulean imp.
The basilisk gazes at you.
Your cerulean imp resists with some effort.
You resist with almost no effort.
Your quokka misses the basilisk.
Your cerulean imp misses the basilisk.
The basilisk bites your cerulean imp!
Your cerulean imp dies!
Your cerulean imp disappears in a puff of smoke!
You have turned to stone.
The elephant misses your quokka.
The elephant completely misses your quokka.
Your quokka bites the basilisk but does no damage.
The elephant tramples you!
* * * LOW HITPOINT WARNING * * *
You are shoved backwards!
The elephant tramples your quokka!
Your quokka holds its ground!
Your quokka dies!
Your quokka's corpse disappears in a puff of smoke!
The elephant tramples you!
* * * LOW HITPOINT WARNING * * *
You hold your ground!
The elephant trunk-slaps you but does no damage.
The elephant trumpets!
The elephant tramples you!
* * * LOW HITPOINT WARNING * * *
You hold your ground!
The elephant trunk-slaps you.
* * * LOW HITPOINT WARNING * * *
The elephant tramples you!
You die...

#####+.#.#......
#$..########
#.#..# ###†.##
#...###
######..#.# ##
..........8###.+
........§§§##..#
?.......§.YlY@#
.........§.####
.....>.....#
...........#
............
..........##
...>.....
P##.###


You could see 2 elephants and a basilisk.

Vanquished Creatures
  Pikel (D:8)
  A cyclops (D:8)
  An elephant (Lair:1)
  An ice statue (D:9)
  A cane toad (Lair:1)
  Jeremiah (D:6)
  Maggie (D:10)
  2 hornets
  2 wyverns
  2 yaks (D:11)
  A steam dragon (D:8)
  A warg (D:11)
  An acid dragon (D:9)
  A water moccasin (D:7)
  Pargi (Sewer)
  An orc warrior (D:9)
  A sky beast (D:5)
  A black bear (D:5)
  An ice beast (D:7)
  5 ogres
  A wolf (D:11)
  2 lemures (D:8)
  2 centaurs
  A phantom (D:4)
  2 brain worms (Sewer)
  3 kobold brigands (D:6)
  A gnoll sergeant (D:9)
  4 wights
  Dowan (D:7)
  6 killer bees
  3 howler monkeys
  5 orc priests
  6 hounds
  An iguana (D:6)
  7 orc wizards
  Robin (D:2)
  6 gnolls
  6 adders
  A shadow imp (D:7)
  A white imp (D:7)
  2 ufetubi
  4 dart slugs
  2 ribbon worms
  32 orcs
  7 ball pythons
  7 endoplasms
  2 giant cockroaches (D:1)
  11 goblins
  5 hobgoblins
  A jackal (D:4)
  2 quokkas (D:2)
  A bat (D:2)
  7 frilled lizards
  14 kobolds
  5 rats
189 creatures vanquished.

Vanquished Creatures (collateral kills)
  Lodul (D:11)
  A manticore (D:11)
  An elephant (Lair:1)
  A torpor snail (Lair:1)
  A cane toad (D:11)
  Prince Ribbit (D:6)
  A troll (D:10)
  A vampire (D:11)
  A wyvern (D:9)
  A basilisk (Lair:1)
  Grum (D:11)
  2 yaks (D:11)
  Duvessa (D:7)
  A water moccasin (Lair:1)
  An orc warrior (D:11)
  4 ogres
  5 wolves (D:11)
  A centaur (D:6)
  2 lemures (D:8)
  2 scorpions
  4 wights
  11 killer bees
  6 orc priests
  3 jellies
  An iguana (D:4)
  3 orc wizards
  A sleepcap (D:5)
  3 gnolls
  2 ufetubi
  11 orcs
  An endoplasm (D:1)
  A giant cockroach (D:1)
  A goblin (D:1)
  A hobgoblin (D:1)
  2 jackals (D:4)
  4 kobolds
  A quokka (D:1)
  A bat (D:1)
  3 frilled lizards
  A rat (D:2)
91 creatures vanquished.

Grand Total: 280 creatures vanquished

Notes
Turn   | Place    | Note
-------+----------+-------------------------------------------
     0 | D:1      | 12345 the Tengu Summoner began the quest for the Orb.
     0 | D:1      | Reached XP level 1. HP: 10/10 MP: 4/4
   193 | D:1      | Reached XP level 2. HP: 16/16 MP: 6/6
   221 | D:1      | Reached skill level 1 in Long Blades
   595 | D:1      | Reached skill level 1 in Fighting
   693 | D:1      | Reached XP level 3. HP: 20/20 MP: 7/7
   754 | D:1      | Reached skill level 5 in Summonings
   795 | D:1      | Learned a level 2 spell: Call Imp
   799 | D:1      | Learned a level 3 spell: Call Canine Familiar
  1228 | D:2      | Reached XP level 4. HP: 25/25 MP: 2/8
  1286 | D:2      | Reached skill level 2 in Long Blades
  1360 | D:2      | Noticed Robin
  1431 | D:2      | Killed Robin
  1483 | D:2      | Found Dejuah's Assorted Antiques.
  1599 | D:2      | Found a glowing silver altar of Zin.
  1628 | D:2      | Bought an orange potion for 21 gold pieces
  1870 | D:3      | Found a faded altar of an unknown god.
  1877 | D:3      | Reached XP level 5. HP: 30/30 MP: 9/9
  2208 | D:3      | Found Ybrar's Weapon Boutique.
  2474 | D:3      | Reached skill level 3 in Long Blades
  2474 | D:3      | Reached XP level 6. HP: 22/37 MP: 6/11
  2766 | D:3      | Found a shimmering altar of Xom.
  2905 | D:4      | Found a glowing drain.
  2943 | Sewer    | Entered a sewer
  2989 | Sewer    | Gained mutation: Your magical flight helps you evade
                  | attacks. (EV +4) [Tengu growth]
  2989 | Sewer    | Reached XP level 7. HP: 41/41 MP: 12/12
  3043 | Sewer    | Noticed Pargi
  3094 | Sewer    | Killed Pargi
  3095 | Sewer    | Reached skill level 4 in Long Blades
  3541 | D:4      | Found a bloodstained altar of Trog.
  3562 | D:4      | Found an opulent altar of Gozag.
  3594 | D:4      | Found an ancient bone altar of Kikubaaqudgha.
  3645 | D:4      | Found a shimmering blue altar of Sif Muna.
  4114 | D:5      | Entered Level 5 of the Dungeon
  4261 | D:5      | Reached skill level 5 in Long Blades
  4261 | D:5      | Reached XP level 8. HP: 34/48 MP: 14/14
  4283 | D:5      | Learned a level 4 spell: Summon Lightning Spire
  4561 | D:5      | Reached skill level 1 in Air Magic
  4894 | D:6      | Noticed Jeremiah
  4895 | D:6      | Reached skill level 5 in Fighting
  5025 | D:6      | Found a shadowy altar of Dithmenos.
  5175 | D:6      | Reached skill level 6 in Long Blades
  5199 | D:6      | Reached XP level 9. HP: 35/54 MP: 16/16
  5340 | D:6      | Reached skill level 5 in Dodging
  5428 | D:6      | Killed Jeremiah
  5594 | D:6      | Found an ornate altar of the Wu Jian Council.
  5600 | D:6      | Became a worshipper of the Wu Jian Council
  5662 | D:7      | Noticed Prince Ribbit
  5739 | D:6      | Killed Prince Ribbit
  5788 | D:7      | Noticed a hornet
  5800 | D:7      | Killed a hornet
  5801 | D:7      | Reached skill level 7 in Long Blades
  5866 | D:7      | You are sucked into a shaft and drop 2 floors!
  6203 | D:7      | Found a staircase to the Ecumenical Temple.
  6230 | Temple   | Entered the Ecumenical Temple
  6366 | D:7      | Reached skill level 5 in Spellcasting
  6366 | D:7      | Reached XP level 10. HP: 61/63 MP: 15/18
  6379 | D:7      | Noticed Duvessa
  6381 | D:7      | Noticed Dowan
  6387 | D:7      | Killed Duvessa
  6387 | D:7      | Reached * piety under Wu Jian
  6392 | D:7      | Killed Dowan
  7399 | D:8      | Noticed Pikel
  7476 | D:8      | Killed Pikel
  7477 | D:8      | Reached skill level 8 in Long Blades
  7477 | D:8      | Reached skill level 5 in Air Magic
  7776 | D:8      | Noticed a cyclops
  8241 | D:9      | Found Ruesao Fune's Antique Armour Emporium.
  8476 | D:9      | Noticed an ice statue
  8643 | D:9      | Found a burning altar of Makhleb.
  8643 | D:9      | Noticed a blizzard demon
  8861 | D:9      | Learned a level 4 spell: Summon Blazeheart Golem
  8893 | D:10     | Entered Level 10 of the Dungeon
  8931 | D:10     | Noticed Maggie
  8942 | D:10     | Killed Maggie
  8954 | D:10     | Reached skill level 1 in Fire Magic
  9712 | D:10     | Noticed an orange crystal statue
  9732 | D:10     | Reached skill level 9 in Long Blades
  9797 | D:10     | Reached XP level 11. HP: 68/69 MP: 16/20
  9800 | D:10     | Reached ** piety under Wu Jian
 11068 | D:8      | Killed a cyclops
 11252 | D:11     | Found a staircase to the Lair.
 11601 | D:11     | Noticed Grum
 11616 | D:11     | Killed Grum
 11848 | D:11     | Noticed a manticore
 12002 | D:11     | Killed a manticore
 12130 | D:11     | Noticed Lodul
 12350 | D:11     | Killed Lodul
 12351 | D:11     | Reached skill level 10 in Long Blades
 12561 | Lair:1   | Entered Level 1 of the Lair of Beasts
 12749 | Lair:1   | HP: 3/71 [elephant (1)]
 12750 | Lair:1   | Slain by an elephant

Illustrated notes

Levels and vault maps discovered:
D:1:      sevenhm_arrival_forest_fort_small_3, layout_loops_ring
D:2:      layout_rooms, basic_altar, serial_shops, nicolae_shop_window_shopping,
          uniq_robin
D:3:      layout_basic, mainiacjoe_overflow_brackets, serial_shops, shop,
          nicolae_ecumenical_pavilion, dk_vineyard_3
D:4:      layout_loops_ring, mainiacjoe_overflow_tiny_flanked,
          mainiacjoe_overflow_catwalk, mainiacjoe_overflow_big_doors,
          portal_sewer_entry_d, hex_tiny
D:5:      layout_basic, roderic_lattice_a
D:6:      layout_gridville, mainiacjoe_overflow_concentric_impassable,
          nzn_wu_jian_council_hall, uniq_jeremiah
D:7:      layout_cave_pods, minmay_temple_entry_arrows, uniq_duvessa,
          uniq_prince_ribbit1
D:8:      layout_basic, uniq_pikel
D:9:      minmay_skewed_foursquare, layout_irregular_city,
          makhleb_altar_promises_db, serial_shops, nicolae_shop_behind_doors,
          minivault_16, st_stairs_6
D:10:     minmay_statue_hallways, layout_stronghold, glass_columns_c,
          uniq_maggie
D:11:     layout_gridville, erik_lair_orcish_takeover,
          chequers_serial_rivers_micro_d, uniq_grum, uniq_lodul
Temple:   compressed_dpeg_circular_temple
Lair:1:   layout_roguey, st_stairs_3, beast_lair_carwin_11

Skill      XL: |  1  2  3  4  5  6  7  8  9 10 11 |
---------------+----------------------------------+-----
Long Blades    | 1 2 3 5 6 7 9 10 | 10.4
Fighting       | 1 2 3 4 5 7 8 9 |  9.6
Summonings     | 5 6 7 8 9 |  9.4
Dodging        | 3 4 6 7 |  7.8
Spellcasting   | 3 4 5 6 |  6.6
Air Magic      | 2 4 5 |  5.0
Fire Magic     | 1 3 |  3.8
Stealth        | |  2.0

Action                     |  1- 3 |  4- 6 |  7- 9 | 10-12 || total
---------------------------+-------+-------+-------+-------++-------
  Melee: Unarmed           |     7 |       |       |       ||     7
         Peck              |     4 |    18 |    47 |    39 ||   108
         Dagger            |    27 |   127 |   268 |   145 ||   567
         Kick              |     9 |    32 |    84 |    77 ||   202
         Punch             |       |     1 |     3 |     3 ||     7
         Scimitar          |       |       |       |    81 ||    81
   Fire: Sling             |    35 |     1 |       |       ||    36
  Throw: Dart              |       |       |     2 |     3 ||     5
   Cast: Summon Small Mamm |    18 |       |     1 |     2 ||    21
         Call Imp          |     7 |    12 |    17 |     8 ||    44
         Call Canine Famil |       |     4 |    22 |    16 ||    42
         Summon Lightning  |       |       |     2 |    33 ||    35
         Summon Blazeheart |       |       |       |     7 ||     7
Ability: Lunge             |       |       |     3 |    23 ||    26
         Whirlwind         |       |       |       |    17 ||    17
    Use: Scroll            |     1 |     4 |     7 |     4 ||    16
   Stab: Sleeping          |     1 |     4 |    10 |     5 ||    20
         Distracted        |       |     1 |     3 |     5 ||     9
         Betrayed ally     |       |       |     1 |       ||     1
 Armour: Robe              |    14 |       |       |    89 ||   103
         Ring mail         |     3 |    34 |       |       ||    37
         Leather armour    |       |    18 |    14 |     5 ||    37
         Troll leather arm |       |       |    88 |     4 ||    92
  Dodge: Dodged            |    28 |    58 |   253 |   184 ||   523
  Block: Buckler           |       |       |       |    10 ||    10
